 Dungeon Sprint DCSS version 0.20.1-1-g8b1a95d (webtiles) character file.

7303 Fang the Severer (level 11, -11/81 HPs)
             Began as a Gargoyle Berserker on Oct 19, 2018.
             Was the Champion of Trog.
             Mangled by a death yak (14 damage)
             ... in the Dungeon (Sprint VII: "The Pits").
             The game lasted 00:03:28 (2384 turns).

Fang the Severer (Gargoyle Berserker)               Turns: 2384, Time: 00:03:28

Health: -11/81     AC: 24    Str: 24    XL:     11   Next: 13%
Magic:  3/3        EV: 12    Int:  8    God:    Trog [******]
Gold:   0          SH:  0    Dex: 12    Spells: 10/10 levels left

rFire    . . .     SeeInvis .   w - +4 executioner's axe (antimagic)
rCold    . . .     Gourm    .   (shield currently unavailable)
rNeg     + . .     Faith    .   p - +2 plate armour
rPois    ∞         Spirit   .   (no helmet)
rElec    +         Reflect  .   (no cloak)
rCorr    .         Harm     .   (no gloves)
MR       .....     NoTele   +   (no boots)
Stlth    ..........             (no amulet)
Regen    0.3/turn               b - +3 ring of dexterity
MPRegen  0.1/turn               s - +3 ring of evasion

@: confused, berserk cooldown, slowed, very slow
A: negative energy resistance 1, electricity resistance, unbreathing,
petrification resistance, rot immunity, AC +7
a: Berserk, Trog's Hand, Brothers in Arms, Burn Spellbooks, Renounce Religion


You were in the Dungeon.
You worshipped Trog.
Trog was exalted by your worship.
You were very hungry.

You visited 1 branch

Inventory:

Hand Weapons
 o - a +0 hand axe of chopping
 q - a +2 broad axe of flaming
 r - a +5 antimagic battleaxe
 u - a +2 war axe of electrocution
 w - a +4 antimagic executioner's axe (weapon)
Armour
 p - a +2 plate armour (worn)
Jewellery
 b - a +3 ring of dexterity (left hand)
 s - a +3 ring of evasion (right hand)
Scrolls
 i - a scroll of blinking
 k - 3 scrolls of remove curse
 l - a scroll of summoning
Potions
 a - 2 potions of invisibility
 d - 6 potions of curing
 e - 8 potions of heal wounds
 f - 2 potions of haste
 g - 4 potions of magic
 h - 3 potions of berserk rage
 j - 3 potions of brilliance
 t - a potion of agility
Comestibles
 c - 5 bread rations
 m - 40 fruits
 n - 7 meat rations
 v - a chunk of flesh


   Skills:
 + Level 15.0 Fighting
 + Level 16.6 Axes
 + Level 12.0 Armour
 + Level 4.6 Dodging
 + Level 2.4 Stealth


You had 10 spell levels left.
You didn't know any spells.

Dungeon Overview and Level Annotations

Branches:
Dungeon (1/1)

Altars:
Ashenzari
Cheibriados
Dithmenos
Elyvilon
Fedhas
Gozag
Hepliaklqana
Kikubaaqudgha
Makhleb
Nemelex Xobeh
Okawaru
Qazlal
Ru
Sif Muna
Trog
Uskayaw
Vehumet
Xom
Yredelemnul
Zin
The Shining One
Beogh
Jiyva
Lugonu


Innate Abilities, Weirdness & Mutations

You are resistant to torment.
Your stone body is resilient. (AC +7)
You are immune to poison.
You resist negative energy. (rN+)
You are resistant to electric shocks. (rElec)
You can survive without breathing.
You are immune to petrification.
You are immune to rotting.


Message History

You bump into the metal wall.
The hell hog bites you but does no damage.
The hell hog barely misses you.
The hell hog bites you but does no damage.
The death yak gores you but does no damage.
The hell hog bites you but does no damage.
You bump into the metal wall.
The hell hog bites you but does no damage.
The hell hog bites you!
* * * LOW HITPOINT WARNING * * *
The death yak barely misses you. The hell hog misses you.
The hell hog bites you but does no damage.
The death yak misses you. The hell hog closely misses you.
Unknown command.
You slice the hell hog!!
The hell hog is almost dead.
You slash the death yak! You slash the hell hog! The hell hog bites you.
* * * LOW HITPOINT WARNING * * *
The hell hog completely misses you. The death yak gores you!
You die...

##'(###########
##.)(.##..'...#
##...##...#..## .##
##..##...##..# ..##
##..#..(##...+ ...#
##..'.)##....### ...##
##(##..#.......### ....#
####...'........h## ....# #
#....#..†.####@h##....#+
##..#..##..##..##Ys).....#
##.###).##()....'h.#......#
####)##..#†##..##..#.......
###.).((.'..####...##...###
##..(.#..##.........##.##
##################### ##


You could see a death yak, 3 hell hogs and a tarantella.

Vanquished Creatures
  A death yak (D)
  A hell hog (D)
  Urug (D)
  A flayed ghost (D)
  2 deep elf magi (D)
  3 cyclopes (D)
  An eye of devastation (D)
  A spiny frog (D)
  An efreet (D)
  A merfolk (D)
  5 blink frogs (D)
  A fire bat (D)
  A basilisk (D)
  A hungry ghost (D)
  2 floating eyes (D)
  A black bear (D)
  2 orc warriors (D)
  A centaur (D)
  A scorpion (D)
  A crimson imp (D)
  A hound (D)
  Crazy Yiuf (D)
  2 orc priests (D)
  A gnoll shaman (D)
  An iguana (D)
  An orc wizard (D)
  2 adders (D)
  A river rat (D)
  An ufetubus (D)
  An ooze (D)
  5 orcs (D)
  3 goblins (D)
  A quokka (D)
  2 rats (D)
52 creatures vanquished.

Notes
Turn   | Place    | Note
-------+----------+-------------------------------------------
     0 | D        | Fang the Gargoyle Berserker began the quest for the Orb.
     0 | D        | Reached XP level 1. HP: 14/14 MP: 1/1
    17 | D        | Reached skill level 3 in Axes
    17 | D        | Reached XP level 2. HP: 20/20 MP: 2/2
    22 | D        | Found a bloodstained altar of Trog.
    22 | D        | Found a deep blue altar of Sif Muna.
    22 | D        | Found a viscous altar of Jiyva.
    22 | D        | Found a hazy altar of Hepliaklqana.
    22 | D        | Found an opulent altar of Gozag.
    23 | D        | Found a glowing golden altar of the Shining One.
    23 | D        | Found a glowing silver altar of Zin.
    23 | D        | Found a basalt altar of Yredelemnul.
    23 | D        | Found a shimmering altar of Xom.
    23 | D        | Found a sacrificial altar of Ru.
    23 | D        | Found a stormy altar of Qazlal.
    23 | D        | Found an iron altar of Okawaru.
    23 | D        | Found a sparkling altar of Nemelex Xobeh.
    23 | D        | Found a burning altar of Makhleb.
    23 | D        | Found a blossoming altar of Fedhas.
    23 | D        | Found a white marble altar of Elyvilon.
    23 | D        | Found a shadowy altar of Dithmenos.
    23 | D        | Found a snail-covered altar of Cheibriados.
    25 | D        | Found a radiant altar of Vehumet.
    25 | D        | Found a corrupted altar of Lugonu.
    25 | D        | Found a roughly hewn altar of Beogh.
    64 | D        | Reached ** piety under Trog
    64 | D        | Reached skill level 5 in Fighting
    64 | D        | Reached skill level 4 in Axes
    76 | D        | Reached XP level 3. HP: 24/26 MP: 3/3
   188 | D        | Noticed a floating eye
   193 | D        | Reached *** piety under Trog
   194 | D        | Killed a floating eye
   194 | D        | Reached skill level 6 in Axes
   194 | D        | Reached XP level 4. HP: 24/34 MP: 4/4
   194 | D        | Reached XP level 5. HP: 27/38 MP: 5/5
   350 | D        | Noticed a black bear
   353 | D        | Noticed a hungry ghost
   359 | D        | Killed a black bear
   359 | D        | Reached **** piety under Trog
   359 | D        | Reached skill level 8 in Axes
   359 | D        | Reached XP level 6. HP: 45/45 MP: 6/6
   370 | D        | Reached ***** piety under Trog
   370 | D        | Reached skill level 9 in Axes
   381 | D        | Paralysed by fainting for 8 turns
   405 | D        | Paralysed by fainting for 10 turns
   463 | D        | Killed a hungry ghost
   463 | D        | Reached skill level 5 in Armour
   463 | D        | Reached XP level 7. HP: 20/52 MP: 7/7
   640 | D        | HP: 1/52 [orc warrior/flail (5)]
   649 | D        | Received a gift from Trog
   649 | D        | Reached skill level 10 in Fighting
   950 | D        | Noticed Crazy Yiuf
   952 | D        | Paralysed by a floating eye for 4 turns
   958 | D        | Paralysed by a floating eye for 4 turns
   965 | D        | Paralysed by a floating eye for 2 turns
   968 | D        | Killed Crazy Yiuf
   969 | D        | Reached skill level 10 in Axes
  1003 | D        | Received a gift from Trog
  1008 | D        | Reached XP level 8. HP: 32/60 MP: 2/8
  1269 | D        | Found a hide-covered altar of Uskayaw.
  1269 | D        | Found an ancient bone altar of Kikubaaqudgha.
  1269 | D        | Found a shattered altar of Ashenzari.
  1290 | D        | Noticed a deep elf mage
  1292 | D        | Noticed a cyclops
  1298 | D        | Killed a cyclops
  1298 | D        | Reached skill level 11 in Axes
  1298 | D        | Killed a deep elf mage
  1298 | D        | Reached skill level 12 in Axes
  1406 | D        | Noticed a cyclops
  1409 | D        | Noticed an efreet
  1409 | D        | Noticed a flayed ghost
  1413 | D        | Killed a cyclops
  1413 | D        | Reached skill level 1 in Stealth
  1413 | D        | Reached XP level 9. HP: 44/66 MP: 3/9
  1417 | D        | Killed an efreet
  1417 | D        | Reached skill level 13 in Axes
  1421 | D        | Killed a flayed ghost
  1421 | D        | Reached skill level 10 in Armour
  1654 | D        | Noticed a deep elf mage
  1663 | D        | Killed a deep elf mage
  1663 | D        | Received a gift from Trog
  1663 | D        | Reached skill level 14 in Axes
  1750 | D        | Noticed a death yak
  1764 | D        | Killed a death yak
  1764 | D        | Reached XP level 10. HP: 67/73 MP: 10/10
  1870 | D        | Noticed a spiny frog
  1877 | D        | Killed a spiny frog
  1877 | D        | Reached ****** piety under Trog
  1877 | D        | Reached skill level 15 in Axes
  1890 | D        | Noticed Urug
  1890 | D        | Noticed a cyclops
  1903 | D        | Killed a cyclops
  1904 | D        | Killed Urug
  1904 | D        | Received a gift from Trog
  2231 | D        | Reached skill level 16 in Axes
  2360 | D        | Noticed a hell hog
  2360 | D        | Noticed an eye of devastation
  2361 | D        | Noticed a hell hog
  2361 | D        | Noticed a hell hog
  2361 | D        | Noticed a death yak
  2361 | D        | Noticed a hell hog
  2367 | D        | Killed a hell hog
  2367 | D        | Received a gift from Trog
  2367 | D        | Reached XP level 11. HP: 80/80 MP: 3/11
  2368 | D        | Reached skill level 15 in Fighting
  2384 | D        | HP: 3/81 [hell hog (4)]
  2384 | D        | Mangled by a death yak

Skill      XL: |  1  2  3  4  5  6  7  8  9 10 11 |
---------------+----------------------------------+-----
Fighting       | 4 5 7 8 9 11 12 13 14 15 | 15.0
Axes           | 3 4 6 8 9 10 12 14 16 | 16.6
Dodging        | 2 3 4 |  4.6
Armour         | 3 5 8 9 10 11 12 | 12.0
Stealth        | 1 2 |  2.4

Action                   |  1- 3 |  4- 6 |  7- 9 | 10-12 || total
-------------------------+-------+-------+-------+-------++-------
Melee: Hand axe          |    28 |    81 |    25 |       ||   134
       Battleaxe         |       |       |    43 |       ||    43
       Broad axe         |       |       |    13 |    17 ||    30
       Executioner's axe |       |       |       |    26 ||    26
Invok: Berserk           |       |     1 |     3 |     2 ||     6
  Use: Potion            |       |       |       |     2 ||     2
  Eat: Bread ration      |       |     3 |       |       ||     3
       Chunk             |       |       |     9 |     3 ||    12
Armor: Animal skin       |     4 |       |       |       ||     4
       Plate armour      |       |    77 |    34 |    50 ||   161
Dodge: Dodged            |    14 |    37 |    27 |    49 ||   127
